[Event "Titled Tuesday Blitz January 03 Early 2023"]
[White "Abasov, Nijat"]
[Black "Bacrot, Etienne"]
[WhiteFideId "13402960"]
[BlackFideId "605506"]
[WhiteElo "2634"]
[BlackElo "2667"]
[Result "1-0"]
[Round "09"]
[TimeControl "180+2"]
[Date "2023.01.03"]
[WhiteClock "0:00:02"]
[BlackClock "0:00:01"]

1. d4 Nf6 2. Nf3 d5 3. Bf4 Bf5 4. e3 e6 5. c4 Bb4+ 6. Nc3 O-O 7. Nd2 c5 8. a3 Ba5 9. dxc5 Bxc3 10. bxc3 Nc6 11. Bd6 Re8 12. cxd5 exd5 13. Be2 Qa5 14. Qc1 d4 15. Nc4 Qxc3+ 16. Qxc3 dxc3 17. f3 Nd5 18. Kf2 c2 19. Rhc1 Bg6 20. e4 Nd4 21. Bf1 Nc3 22. Ne3 Nb3 23. Rxc2 Nxe4+ 24. fxe4 Nxa1 25. Rb2 Bxe4 26. Bc4 Rad8 27. g4 Kh8 28. Ra2 b5 29. Bxb5 Nb3 30. Bxe8 Rxe8 31. Rb2 Nc1 32. Rb5 Nd3+ 33. Ke2 1-0


[Site "https://www.chess.com"]

[Event "Titled Tuesday Blitz January 03 Early 2023"]
[White "Harshavardhan G B"]
[Black "Lenderman, Aleksandr"]
[WhiteFideId "25059009"]
[BlackFideId "2021285"]
[WhiteElo "2408"]
[BlackElo "2572"]
[Result "1/2-1/2"]
[Round "09"]
[TimeControl "180+2"]
[Date "2023.01.03"]
[WhiteClock "0:00:19"]
[BlackClock "0:00:13"]

1. d4 e6 2. c4 b6 3. a3 Bb7 4. Nc3 f5 5. d5 Nf6 6. Nf3 Be7 7. g3 O-O 8. Bg2 Na6 9. O-O Nc5 10. Nd4 a5 11. b3 Nfe4 12. Bb2 Bf6 13. b4 Bxd4 14. Qxd4 Nb3 15. Qe3 Nxa1 16. Nxe4 fxe4 17. Bxe4 exd5 18. cxd5 Qe7 19. Qd3 h6 20. Bxa1 axb4 21. axb4 Kh8 22. Bf3 Qf7 23. Bc3 d6 24. Be4 Bc8 25. Bg2 Bd7 26. e4 Kg8 27. f4 Ra3 28. e5 Bb5 29. Qxb5 Rxc3 30. e6 Qf6 31. Qd7 Ra8 32. Kh1 Re3 33. Qxc7 Ra1 34. Qc8+ Kh7 35. Qc2+ Kh8 36. Qc8+ Kh7 37. Qc2+ Kh8 38. Qc8+ Kh7 1/2-1/2


[Site "https://www.chess.com"]

[Event "Titled Tuesday Blitz January 03 Early 2023"]
[White "Carlsen, Magnus"]
[Black "Ter-Sahakyan, Samvel"]
[WhiteFideId "1503014"]
[BlackFideId "13302531"]
[WhiteElo "2853"]
[BlackElo "2617"]
[Result "1-0"]
[Round "09"]
[TimeControl "180+2"]
[Date "2023.01.03"]
[WhiteClock "0:00:03"]
[BlackClock "0:00:03"]

1. a4 Nf6 2. d4 d5 3. Nf3 Bf5 4. Nh4 Be4 5. f3 Bg6 6. Nc3 c5 7. e4 cxd4 8. Nxg6 hxg6 9. Qxd4 Nc6 10. Qf2 d4 11. Nd1 e5 12. Bc4 Rc8 13. Qe2 Bb4+ 14. Kf1 Na5 15. Bd3 O-O 16. Nf2 Qb6 17. h4 Nh5 18. Rh3 Qf6 19. g4 Nf4 20. Bxf4 Qxf4 21. h5 g5 22. Rd1 a6 23. Kg2 Rc7 24. Rhh1 Rfc8 25. Nh3 Qf6 26. Ra1 Nc6 27. Rhc1 Bd6 28. Qd2 Bb4 29. c3 Be7 30. Nf2 dxc3 31. bxc3 Nd8 32. Bb1 Ne6 33. Nh3 Bc5 34. Ba2 Rd8 35. Qe2 Nf4+ 36. Nxf4 gxf4 37. Kh3 g6 38. Rd1 Rcd7 39. Rxd7 Rxd7 40. Rd1 Bf2 41. Bxf7+ Kf8 42. Qxf2 Rxd1 43. Bxg6 Qd6 44. g5 Qd3 45. Qc5+ Qd6 46. Qc8+ Kg7 47. Qxb7+ Kf8 48. Qf7# 1-0


[Site "https://www.chess.com"]

[Event "Titled Tuesday Blitz January 03 Early 2023"]
[White "Kopylov, Alexander A."]
[Black "Bortnyk, Olexandr"]
[WhiteFideId "4164857"]
[BlackFideId "14120828"]
[WhiteElo "2397"]
[BlackElo "2605"]
[Result "0-1"]
[Round "09"]
[TimeControl "180+2"]
[Date "2023.01.03"]
[WhiteClock "0:00:23"]
[BlackClock "0:01:05"]

1. e4 Nf6 2. d3 d5 3. Nd2 e5 4. Ngf3 Nc6 5. Be2 Be7 6. O-O O-O 7. c3 h6 8. b4 a6 9. a3 Be6 10. Bb2 Re8 11. Re1 dxe4 12. dxe4 Nd7 13. Bc4 Bg5 14. Bxe6 Rxe6 15. Nc4 Bf6 16. Qd5 Nf8 17. Rad1 Qe7 18. Ne3 Rd8 19. Qc4 Rxd1 20. Rxd1 Rd6 21. Nd5 Qd8 22. Re1 Ne6 23. g3 Ng5 24. Nh4 Nxe4 25. Rxe4 Rxd5 26. Nf5 Rd1+ 27. Kg2 Qd7 28. Ne3 Rb1 29. Qe2 Bg5 30. Qc2 Re1 31. Bc1 f5 32. Nxf5 Rxc1 33. Qa2+ Qf7 0-1


[Site "https://www.chess.com"]

[Event "Titled Tuesday Blitz January 03 Early 2023"]
[White "Avila Pavas, Santiago"]
[Black "Pranav, V"]
[WhiteFideId "4437128"]
[BlackFideId "25060783"]
[WhiteElo "2522"]
[BlackElo "2597"]
[Result "0-1"]
[Round "09"]
[TimeControl "180+2"]
[Date "2023.01.03"]
[WhiteClock "0:00:15"]
[BlackClock "0:01:57"]

1. d4 Nf6 2. Nf3 b6 3. Bf4 Bb7 4. Nbd2 c5 5. e3 cxd4 6. exd4 g6 7. c3 Bg7 8. Be2 O-O 9. O-O d6 10. h3 Nbd7 11. Re1 Re8 12. Bh2 a6 13. a4 Nf8 14. Qb3 Qc7 15. Bc4 e6 16. Bf1 Red8 17. Nc4 Bxf3 18. gxf3 Rab8 19. Qa3 Ne8 20. Ne3 Qb7 21. Bg2 Rbc8 22. Qb3 d5 23. Bf1 Nd7 24. Ng4 h5 25. Ne3 Bf8 26. c4 dxc4 27. Nxc4 Qd5 28. Qd3 Bg7 29. Rad1 Nc5 30. Qe3 Nxa4 31. b3 b5 32. Ne5 Nc3 33. Rc1 Qxd4 34. Qg5 Rd5 35. f4 Rdc5 36. Qe7 Bxe5 37. fxe5 Ne2+ 38. Rxe2 Rxc1 39. Kg2 Qd1 0-1


[Site "https://www.chess.com"]

[Event "Titled Tuesday Blitz January 03 Early 2023"]
[White "Bluebaum, Matthias"]
[Black "Putnam, Liam"]
[WhiteFideId "24651516"]
[BlackFideId "30938279"]
[WhiteElo "2669"]
[BlackElo "2285"]
[Result "0-1"]
[Round "09"]
[TimeControl "180+2"]
[Date "2023.01.03"]
[WhiteClock "0:00:06"]
[BlackClock "0:00:17"]

1. d4 Nf6 2. c4 e6 3. Nc3 Nc6 4. d5 Ne5 5. e4 Bb4 6. Qc2 exd5 7. cxd5 O-O 8. Ne2 Re8 9. a3 Bc5 10. b4 Bb6 11. Na4 d6 12. Nxb6 axb6 13. Ng3 Nxd5 14. Bb2 Nf4 15. O-O-O Qf6 16. Kb1 c6 17. Nf5 Bxf5 18. exf5 Nd5 19. g3 Qe7 20. Bg2 Nc7 21. Rhe1 Qf8 22. f4 Ng4 23. Qd2 d5 24. h3 Nf6 25. Re5 Nb5 26. Qd3 Nd7 27. Rxe8 Qxe8 28. g4 Nf6 29. g5 Ne4 30. Qb3 Qd7 31. a4 Qxf5 32. Ka1 Nbd6 33. Be5 Nc4 34. Bd4 b5 35. a5 b6 36. Qd3 bxa5 37. bxa5 Rxa5+ 38. Kb1 Ned2+ 39. Kc2 Ra2+ 40. Kc3 b4+ 41. Kxb4 Qxd3 42. Re1 Ne4 43. Bxe4 dxe4 44. Kc5 Ra5+ 45. Kxc6 Qxd4 46. Rd1 Rc5+ 47. Kb7 Qxd1 48. Ka8 Qd7 49. Kb8 Rc8# 0-1


[Site "https://www.chess.com"]

[Event "Titled Tuesday Blitz January 03 Early 2023"]
[White "Narayanan.S.L"]
[Black "Shipov, Sergei"]
[WhiteFideId "5058422"]
[BlackFideId "4113624"]
[WhiteElo "2660"]
[BlackElo "2541"]
[Result "1-0"]
[Round "09"]
[TimeControl "180+2"]
[Date "2023.01.03"]
[WhiteClock "0:01:26"]
[BlackClock "0:00:08"]

1. d4 d5 2. Nf3 e6 3. Bf4 Nf6 4. e3 c5 5. Nbd2 Nc6 6. c3 Nh5 7. Bg5 f6 8. Bh4 g6 9. Be2 cxd4 10. Nxd4 Ng7 11. O-O e5 12. Nxc6 bxc6 13. e4 Be6 14. exd5 cxd5 15. Bb5+ Kf7 16. Nf3 Qb6 17. Qe2 Nf5 18. Bxf6 Kxf6 19. Qxe5+ Ke7 20. Qxh8 Qxb5 21. Qxh7+ Kd6 22. Qxg6 Qe8 23. Qxe8 Rxe8 24. Rfe1 Bg7 25. Ng5 Bd7 26. Rxe8 Bxe8 27. Re1 Bd7 28. Nf7+ Kc7 29. Ne5 Bc8 30. Nf3 Bf6 31. g4 Nd6 32. g5 Bd8 33. h4 Bg4 34. Nd4 Kd7 35. f3 Bh5 36. Kf2 Bb6 37. Re5 Bf7 38. g6 Bxg6 39. Rxd5 Ke7 40. Kg2 Bf7 41. Nf5+ Nxf5 42. Rxf5 Bxa2 43. h5 Bb1 44. Rf4 Be3 45. Ra4 Kf6 46. f4 Kg7 47. Kf3 Bb6 48. c4 Kh6 49. b4 Bc2 50. Ra1 Bd4 51. Ra5 Bc3 52. Rxa7 Bxb4 53. Rb7 Ba3 54. Rc7 Kxh5 55. c5 Kg6 56. c6 Ba4 57. Rc8 Bd6 58. c7 Bc6+ 59. Kg3 Bb7 60. Rb8 Bxc7 61. Rxb7 Ba5 62. Rb5 Bc3 63. Kg4 Kf6 64. Rb6+ Kf7 65. Rc6 Bd4 66. Kf5 Bb2 67. Rc7+ Kf8 68. Ke6 Ba3 69. f5 1-0


[Site "https://www.chess.com"]

[Event "Titled Tuesday Blitz January 03 Early 2023"]
[White "Zemlyanskii, Ivan"]
[Black "Oparin, Grigoriy"]
[WhiteFideId "24249971"]
[BlackFideId "24125890"]
[WhiteElo "2300"]
[BlackElo "2667"]
[Result "1-0"]
[Round "09"]
[TimeControl "180+2"]
[Date "2023.01.03"]
[WhiteClock "0:00:09"]
[BlackClock "0:00:09"]

1. d4 f5 2. Qd3 d5 3. Bf4 Nf6 4. c4 e6 5. Nc3 Bd6 6. e3 O-O 7. Nf3 Nc6 8. Bxd6 Qxd6 9. Be2 a6 10. O-O Bd7 11. Rac1 Rad8 12. Qc2 Be8 13. cxd5 exd5 14. Qxf5 Bg6 15. Qg5 Ne4 16. Nxe4 Bxe4 17. Qg3 Qe7 18. Nd2 Bf5 19. Bxa6 Rd6 20. Bxb7 Rg6 21. Bxc6 Rxg3 22. Bxd5+ Kh8 23. hxg3 Qb4 24. Nf3 Qxb2 25. Ne5 h6 26. g4 Bc2 27. Bb3 Be4 28. f3 Bb7 29. Ng6+ Kh7 30. Nxf8+ Kh8 31. Rxc7 Ba6 32. Rfc1 Qd2 33. Ng6+ Kh7 34. Ne5 Qxe3+ 35. Kh1 h5 36. Bc2+ Kh6 37. Nf7# 1-0


[Site "https://www.chess.com"]

[Event "Titled Tuesday Blitz January 03 Early 2023"]
[White "Shimanov, Aleksandr"]
[Black "Tan, Zhongyi"]
[WhiteFideId "4198603"]
[BlackFideId "8603642"]
[WhiteElo "2581"]
[BlackElo "2517"]
[Result "1-0"]
[Round "09"]
[TimeControl "180+2"]
[Date "2023.01.03"]
[WhiteClock "0:00:08"]
[BlackClock "0:00:02"]

1. e4 c5 2. Nf3 d6 3. d4 cxd4 4. Qxd4 Nc6 5. Bb5 Bd7 6. Qd3 g6 7. c4 Bg7 8. Nc3 Nf6 9. O-O O-O 10. h3 Rc8 11. Be3 a6 12. Bxc6 Bxc6 13. Nd4 Nd7 14. Rac1 Ne5 15. Qe2 Bd7 16. b3 Qa5 17. Qd2 Rfe8 18. Rfd1 Nc6 19. Nxc6 Bxc6 20. Bd4 b5 21. Bxg7 Kxg7 22. Qb2 bxc4 23. Nd5+ f6 24. b4 Qb5 25. Nc3 Qb7 26. Re1 Rb8 27. Rb1 Qd7 28. Qd2 Rec8 29. f4 a5 30. a3 axb4 31. axb4 Ba4 32. Kh2 Bb3 33. e5 Rxb4 34. exf6+ exf6 35. Nd5 Rb7 36. Re3 Qf7 37. Rbe1 Kh8 38. Qd4 c3 39. Nxf6 Rc4 40. Re8+ Kg7 41. Qxd6 Qxf6 42. Rg8+ Kxg8 43. Qxf6 Rc8 44. Re3 c2 45. Rxb3 Rxb3 46. Qe6+ Kg7 47. Qxc8 Rb2 48. Qc3+ 1-0


[Site "https://www.chess.com"]

[Event "Titled Tuesday Blitz January 03 Early 2023"]
[White "Dardha, Daniel"]
[Black "Antonica, Dragos-Andrei"]
[WhiteFideId "240990"]
[BlackFideId "1246372"]
[WhiteElo "2631"]
[BlackElo "2373"]
[Result "1-0"]
[Round "09"]
[TimeControl "180+2"]
[Date "2023.01.03"]
[WhiteClock "0:01:11"]
[BlackClock "0:00:28"]

1. d4 Nf6 2. Bg5 d5 3. e3 h6 4. Bxf6 exf6 5. c4 dxc4 6. Bxc4 Bd6 7. Nc3 O-O 8. Qf3 Nc6 9. Nge2 Ne7 10. h4 c6 11. g4 Be6 12. Bd3 Qa5 13. g5 fxg5 14. hxg5 Qxg5 15. O-O-O Nd5 16. Rdg1 Qf6 17. Qe4 g6 18. Rxh6 Ne7 19. Rgh1 Bf5 20. Qf3 Nd5 21. Bxf5 Nxc3 22. Nxc3 Bb4 23. Ne4 Qxf5 24. Qxf5 gxf5 25. Rg1# 1-0


[Site "https://www.chess.com"]

[Event "Titled Tuesday Blitz January 03 Early 2023"]
[White "Jones, Gawain C B"]
[Black "Krysa, Leandro"]
[WhiteFideId "409561"]
[BlackFideId "116807"]
[WhiteElo "2618"]
[BlackElo "2541"]
[Result "1-0"]
[Round "09"]
[TimeControl "180+2"]
[Date "2023.01.03"]
[WhiteClock "0:00:14"]
[BlackClock "0:00:09"]

1. Nf3 d5 2. g3 c6 3. Bg2 Bg4 4. O-O Nd7 5. h3 Bh5 6. c4 e6 7. d3 Ngf6 8. Qb3 Nc5 9. Qc2 a5 10. Be3 Rc8 11. Ne5 Bd6 12. f4 O-O 13. Nc3 Nfd7 14. d4 Bxe5 15. fxe5 Bg6 16. Qd2 Ne4 17. Nxe4 dxe4 18. Bg5 f6 19. exf6 Nxf6 20. Qe3 Qc7 21. Bf4 Qb6 22. Bd6 Rfd8 23. c5 Nd5 24. Qf2 Qxb2 25. Rab1 Qc3 26. Rxb7 e3 27. Qf3 Qxd4 28. g4 Qf6 29. Qg3 Qd4 30. Be5 1-0


[Site "https://www.chess.com"]

[Event "Titled Tuesday Blitz January 03 Early 2023"]
[White "Tang, Andrew"]
[Black "Atakhan, Abtin"]
[WhiteFideId "2059630"]
[BlackFideId "22502203"]
[WhiteElo "2523"]
[BlackElo "2422"]
[Result "1-0"]
[Round "09"]
[TimeControl "180+2"]
[Date "2023.01.03"]
[WhiteClock "0:01:05"]
[BlackClock "0:00:01"]

1. d4 Nf6 2. c4 Nc6 3. Nf3 e6 4. Nc3 Bb4 5. Qc2 d5 6. cxd5 exd5 7. Bf4 O-O 8. e3 Ne7 9. Bd3 c6 10. O-O Bd6 11. Bxd6 Qxd6 12. Ne5 g6 13. f3 Bf5 14. Rad1 Bxd3 15. Qxd3 Rad8 16. Qe2 c5 17. Nb5 Qb8 18. Nd3 a6 19. Nc3 cxd4 20. exd4 Nf5 21. Ne5 Rfe8 22. Rfe1 Qa7 23. Qf2 Re6 24. g4 Ne7 25. f4 Nc6 26. f5 Red6 27. g5 Nxe5 28. dxe5 Qxf2+ 29. Kxf2 Ng4+ 30. Kg3 Rb6 31. Nxd5 Rb5 32. Nf6+ 1-0


[Site "https://www.chess.com"]

[Event "Titled Tuesday Blitz January 03 Early 2023"]
[White "Grigoriants, Sergey"]
[Black "Vlassov, Nikolai"]
[WhiteFideId "4130804"]
[BlackFideId "4103360"]
[WhiteElo "2562"]
[BlackElo "2283"]
[Result "1-0"]
[Round "09"]
[TimeControl "180+2"]
[Date "2023.01.03"]
[WhiteClock "0:01:14"]
[BlackClock "0:01:40"]

1. d4 Nf6 2. Nf3 e6 3. g3 b5 4. Bg2 Bb7 5. O-O c5 6. a4 b4 7. dxc5 Bxc5 8. Nbd2 O-O 9. Nb3 Be7 10. Bf4 Nd5 11. Qd2 Nxf4 12. Qxf4 Na6 13. Rad1 Rc8 14. Ne5 Bxg2 15. Rxd7 Bxf1 16. Rxd8 Bxd8 17. Kxf1 Rxc2 18. Nd4 Rxb2 19. Ndc6 Bc7 20. Ne7+ Kh8 21. Qxf7 Rxf7 22. Nxf7# 1-0


[Site "https://www.chess.com"]

[Event "Titled Tuesday Blitz January 03 Early 2023"]
[White "Zierk, Steven"]
[Black "Atanasov, Anthony"]
[WhiteFideId "2034255"]
[BlackFideId "2623897"]
[WhiteElo "2488"]
[BlackElo "2368"]
[Result "1-0"]
[Round "09"]
[TimeControl "180+2"]
[Date "2023.01.03"]
[WhiteClock "0:00:40"]
[BlackClock "0:00:02"]

1. e4 e5 2. Nf3 Nf6 3. d4 Nxe4 4. dxe5 Bc5 5. Bc4 Nxf2 6. Bxf7+ Kxf7 7. Qd5+ Kg6 8. Qxc5 Nxh1 9. Nc3 h6 10. Qc4 Kh7 11. Qe4+ Kg8 12. Be3 d5 13. Nxd5 c6 14. Nf4 Bg4 15. Rd1 Nd7 16. Ng6 Bxf3 17. gxf3 Qe8 18. Ke2 Qe6 19. Rxh1 Re8 20. Rg1 Nxe5 21. Nxh8 Kxh8 22. Bd4 Qc4+ 23. Kf2 c5 24. Bxe5 Qxe4 25. Bxg7+ 1-0


[Site "https://www.chess.com"]

[Event "Titled Tuesday Blitz January 03 Early 2023"]
[White "Sanal, Vahap"]
[Black "Tologon tegin, Semetei"]
[WhiteFideId "6300545"]
[BlackFideId "13800574"]
[WhiteElo "2600"]
[BlackElo "2372"]
[Result "1-0"]
[Round "09"]
[TimeControl "180+2"]
[Date "2023.01.03"]
[WhiteClock "0:00:03"]
[BlackClock "0:00:02"]

1. e4 e5 2. Nf3 Nc6 3. Bb5 a6 4. Ba4 Nf6 5. O-O Be7 6. Bxc6 dxc6 7. d3 Nd7 8. b3 f6 9. Bb2 c5 10. Nbd2 Nf8 11. Nh4 Be6 12. Nf5 Bxf5 13. exf5 Qd7 14. Qf3 O-O-O 15. Ne4 Qc6 16. Rae1 g6 17. Re2 Kb8 18. Rfe1 gxf5 19. Qxf5 Rg8 20. Qf3 Ng6 21. g3 Nf4 22. Re3 Rg6 23. Nd2 Qd7 24. Kh1 Nh3 25. Ne4 Rh6 26. Nd2 Rg8 27. R3e2 Rg5 28. Ne4 Rgh5 29. Qg2 Qc6 30. Bc1 Rg6 31. Qf3 Nf4 32. Bxf4 Rf5 33. Nd2 Qd7 34. Qe4 Bd6 35. Be3 Rh5 36. Qg2 f5 37. Nc4 f4 38. Bd2 Qf5 39. Nxe5 Bxe5 40. Rxe5 f3 41. Qg1 Qxe5 42. Rxe5 Rxe5 43. Be3 Rge6 44. Qd1 Rf5 45. Kg1 h5 46. h4 b6 47. Kh2 Kb7 48. a4 a5 49. Qd2 Kc6 50. d4 cxd4 51. Qxd4 1-0


[Site "https://www.chess.com"]

[Event "Titled Tuesday Blitz January 03 Early 2023"]
[White "Costachi, Mihnea"]
[Black "Lazavik, Denis"]
[WhiteFideId "1217518"]
[BlackFideId "13515110"]
[WhiteElo "2476"]
[BlackElo "2544"]
[Result "0-1"]
[Round "09"]
[TimeControl "180+2"]
[Date "2023.01.03"]
[WhiteClock "0:00:02"]
[BlackClock "0:00:07"]

1. Nc3 d5 2. d4 Nf6 3. Bf4 c5 4. e3 cxd4 5. exd4 Bg4 6. Be2 Bxe2 7. Qxe2 Nc6 8. Nf3 e6 9. O-O Be7 10. Qb5 Qc8 11. Ne2 a6 12. Qb6 Nd7 13. Qb3 O-O 14. Qe3 Nb4 15. Rfc1 Nb6 16. Nd2 Qd7 17. c3 Nc6 18. Re1 Rac8 19. Nc1 Nc4 20. Nxc4 dxc4 21. Qg3 Kh8 22. Ne2 b5 23. a3 a5 24. Bg5 Bd6 25. Bf4 Be7 26. Bg5 f6 27. Bc1 Bd6 28. Qh3 Qf7 29. Bf4 e5 30. dxe5 fxe5 31. Be3 e4 32. Rad1 Rcd8 33. Nd4 Ne5 34. Nxb5 Nd3 35. Nxd6 Rxd6 36. Qh4 Rg6 37. Qxe4 Re6 38. Qd4 Nxe1 39. Rxe1 Re7 40. Rd1 Rfe8 41. h3 Kg8 42. Qc5 Re5 43. Qd6 h6 44. Qd4 Kh7 45. Qd2 Re4 46. Qc2 Qg6 47. Qd2 R8e6 48. Qd5 R6e5 49. Qd8 Re8 50. Qc7 R8e7 51. Qb8 Re8 52. Qb7 R4e7 53. Qb5 Re4 54. Qxa5 R4e5 55. Qc7 Re4 56. Rd7 Rg8 57. Rd6 Qf5 58. Qc6 Rge8 59. Rd5 R4e5 60. Rxe5 Rxe5 61. Qxc4 Qb1+ 62. Kh2 Qxb2 63. Bd4 Re7 64. Qd3+ Kg8 65. Qc4+ Kh7 66. Qc5 Qb8+ 67. g3 Qe8 68. Qf5+ Kg8 69. Qd5+ Rf7 70. Kg2 Kh7 71. a4 Rd7 72. Qf5+ Kg8 73. a5 Qa8+ 74. Kh2 Rf7 75. Qb5 Re7 76. Qc4+ Kh7 77. Qd3+ Kg8 78. Qc4+ Kh8 79. Qb4 Re1 0-1


[Site "https://www.chess.com"]

[Event "Titled Tuesday Blitz January 03 Early 2023"]
[White "Yuan, Qingyu"]
[Black "Keymer, Vincent"]
[WhiteFideId "8609772"]
[BlackFideId "12940690"]
[WhiteElo "2373"]
[BlackElo "2700"]
[Result "0-1"]
[Round "09"]
[TimeControl "180+2"]
[Date "2023.01.03"]
[WhiteClock "0:00:14"]
[BlackClock "0:01:15"]

1. e4 c6 2. d4 d5 3. exd5 cxd5 4. Bd3 Nf6 5. c3 Bg4 6. Qb3 Qc7 7. Ne2 Bxe2 8. Bxe2 e6 9. Nd2 Bd6 10. Nf3 Nc6 11. O-O Ne4 12. Bd3 O-O 13. Re1 f5 14. Be3 h6 15. Rac1 Rac8 16. Qa4 Qf7 17. c4 f4 18. Bd2 Nxd2 19. Nxd2 f3 20. Nxf3 Nxd4 21. Be2 Bxh2+ 22. Kxh2 Nxe2 23. Rc2 Qh5+ 0-1


[Site "https://www.chess.com"]

[Event "Titled Tuesday Blitz January 03 Early 2023"]
[White "Borges Feria, Yasel"]
[Black "Svane, Rasmus"]
[WhiteFideId "3504921"]
[BlackFideId "4657101"]
[WhiteElo "2439"]
[BlackElo "2623"]
[Result "0-1"]
[Round "09"]
[TimeControl "180+2"]
[Date "2023.01.03"]
[WhiteClock "0:00:09"]
[BlackClock "0:00:03"]

1. e4 c6 2. Nf3 d5 3. Nc3 dxe4 4. Nxe4 Nf6 5. Nxf6+ exf6 6. d4 Bd6 7. Be2 O-O 8. O-O Re8 9. Re1 Nd7 10. c3 Nf8 11. Be3 Ng6 12. Nd2 Qc7 13. Nf1 Be6 14. Bd3 Rad8 15. Qc2 Kh8 16. Rad1 Qd7 17. Ng3 b6 18. Bc1 Bd5 19. Be4 Bxg3 20. hxg3 Rxe4 21. Rxe4 Bxe4 22. Qxe4 Re8 23. Qf3 Kg8 24. b3 Qd5 25. Kf1 Rd8 26. c4 Qd6 27. Bf4 Nxf4 28. gxf4 f5 29. g3 b5 30. Kg2 bxc4 31. bxc4 h6 32. d5 c5 33. Qd3 g6 34. Re1 Rb8 35. Qc3 h5 36. Qe5 Qxe5 37. fxe5 Rb2 38. e6 fxe6 39. Rxe6 Kf7 40. Rc6 Rxa2 41. Rxc5 a5 42. Rc7+ Kf6 43. d6 Ke6 44. c5 Rd2 45. Rg7 a4 46. Rxg6+ Kd5 47. Rg5 Kxc5 48. Rxf5+ Kb4 49. Rxh5 a3 50. Rh8 Rxd6 51. Ra8 Rd5 52. g4 Ra5 53. Rb8+ Rb5 54. Ra8 Ra5 55. Rb8+ Ka4 56. Rb1 a2 57. Ra1 Kb3 58. Kg3 Kb2 59. Rxa2+ Rxa2 60. g5 Kc3 61. Kf4 Kd4 62. f3 Kd5 63. Kf5 Kd6 64. f4 Ke7 65. Kg6 Kf8 66. f5 Ra6+ 67. f6 Kg8 68. Kh6 Kf7 69. Kh7 Ra2 70. g6+ Kxf6 71. g7 Rh2+ 72. Kg8 Rg2 73. Kh8 Kf7 74. g8=Q+ Rxg8+ 0-1


[Site "https://www.chess.com"]

[Event "Titled Tuesday Blitz January 03 Early 2023"]
[White "Preotu, Razvan"]
[Black "Timofeev, Artyom"]
[WhiteFideId "2613280"]
[BlackFideId "4140419"]
[WhiteElo "2475"]
[BlackElo "2567"]
[Result "0-1"]
[Round "09"]
[TimeControl "180+2"]
[Date "2023.01.03"]
[WhiteClock "0:00:15"]
[BlackClock "0:00:19"]

1. e4 c5 2. Nf3 Nc6 3. Bb5 d6 4. O-O Bd7 5. Re1 a6 6. Bf1 Bg4 7. c3 g6 8. d4 cxd4 9. cxd4 Bxf3 10. gxf3 Bg7 11. Be3 Nf6 12. Nc3 O-O 13. f4 Rc8 14. e5 Nd7 15. Bh3 Na5 16. Qf3 e6 17. Ne4 d5 18. Nd6 Rc7 19. b3 Nc6 20. Rac1 Ne7 21. Bd2 Rxc1 22. Rxc1 Qb6 23. Qd3 Nc6 24. Be3 Rd8 25. a3 Bf8 26. f5 exf5 27. Bg5 f6 28. Bxf5 Bxd6 29. Bxg6 Qxd4 30. Bxh7+ Kf8 31. Qg6 Qg4+ 32. Kf1 Qxg5 33. Qxg5 fxg5 34. exd6 Nde5 0-1


[Site "https://www.chess.com"]

[Event "Titled Tuesday Blitz January 03 Early 2023"]
[White "Narayanan, Srinath"]
[Black "Nouri, Alekhine"]
[WhiteFideId "5018420"]
[BlackFideId "5216184"]
[WhiteElo "2559"]
[BlackElo "2257"]
[Result "1-0"]
[Round "09"]
[TimeControl "180+2"]
[Date "2023.01.03"]
[WhiteClock "0:01:39"]
[BlackClock "0:01:54"]

1. d4 Nf6 2. Nf3 c5 3. d5 b5 4. c4 b4 5. Nbd2 d6 6. e4 g6 7. Bd3 Bg7 8. O-O O-O 9. Re1 Bg4 10. h3 Bxf3 11. Nxf3 Nfd7 12. Rb1 a5 13. b3 a4 14. Bb2 axb3 15. axb3 Bxb2 16. Rxb2 f6 17. Qc1 Ne5 18. Be2 Nbd7 19. Nh2 Ra3 20. f4 Nf7 21. Bg4 Kg7 22. Nf3 h5 23. Be6 Rh8 24. e5 dxe5 25. Bxf7 Kxf7 26. fxe5 Kg7 27. exf6+ exf6 28. Qe3 Rf8 29. Rbe2 Rf7 30. Qd3 Ra6 31. Re8 Qc7 32. Qe3 Qd6 33. Re6 1-0


[Site "https://www.chess.com"]

[Event "Titled Tuesday Blitz January 03 Early 2023"]
[White "Salimova, Nurgyul"]
[Black "Kamsky, Gata"]
[WhiteFideId "2915138"]
[BlackFideId "2000024"]
[WhiteElo "2391"]
[BlackElo "2665"]
[Result "0-1"]
[Round "09"]
[TimeControl "180+2"]
[Date "2023.01.03"]
[WhiteClock "0:00:03"]
[BlackClock "0:00:12"]

1. d4 Nf6 2. Nf3 d5 3. c4 c6 4. Nc3 a6 5. cxd5 cxd5 6. Bf4 Nc6 7. e3 Bg4 8. Be2 Bxf3 9. Bxf3 e6 10. O-O Bd6 11. Bxd6 Qxd6 12. Rc1 O-O 13. Na4 Nd7 14. Qd2 Rfc8 15. Be2 Ne7 16. Bd3 h6 17. b4 Rxc1 18. Rxc1 Rc8 19. Rxc8+ Nxc8 20. Nc5 Qc7 21. h3 Nd6 22. Qe2 Nb6 23. Qg4 Qe7 24. Qf4 Nbc4 25. e4 dxe4 26. Bxc4 Nxc4 27. Qxe4 Nd6 28. Qe5 Qd8 29. d5 Nc4 30. Qd4 b5 31. Nxa6 exd5 32. Nc5 Qd6 33. Nd3 g5 34. g3 Qe6 35. h4 Qe4 36. Qxe4 dxe4 37. Nc5 f5 38. hxg5 hxg5 39. Ne6 Kf7 40. Nxg5+ Kf6 41. Nh3 Ke5 42. Nf4 Kd4 43. Ne6+ Kc3 44. Nc7 Kxb4 45. Nd5+ Ka3 46. Ne7 Nd6 47. g4 fxg4 48. Kg2 Kxa2 49. Nd5 Kb3 50. Kg3 Kc4 51. Ne3+ Kd3 52. Kxg4 b4 53. Kf4 b3 54. Nd1 Nc4 55. f3 e3 0-1


[Site "https://www.chess.com"]

[Event "Titled Tuesday Blitz January 03 Early 2023"]
[White "Molina, Roberto Junio Brito"]
[Black "Bashirli, Nail"]
[WhiteFideId "2109450"]
[BlackFideId "13406809"]
[WhiteElo "2403"]
[BlackElo "2326"]
[Result "1-0"]
[Round "09"]
[TimeControl "180+2"]
[Date "2023.01.03"]
[WhiteClock "0:01:07"]
[BlackClock "0:00:01"]

1. d4 Nf6 2. c4 e6 3. Nf3 b6 4. a3 Ba6 5. Qc2 c5 6. d5 exd5 7. cxd5 d6 8. Nc3 Be7 9. e4 Bxf1 10. Kxf1 O-O 11. g3 b5 12. Nxb5 Qd7 13. Nc3 Qh3+ 14. Kg1 Ng4 15. Bg5 f6 16. Bf4 Nd7 17. Qe2 Nde5 18. Re1 Rab8 19. Bc1 c4 20. Nxe5 fxe5 21. f3 Bd8 22. fxg4 Bb6+ 23. Be3 Bxe3+ 24. Qxe3 Rxb2 25. Ne2 c3 26. Qc1 Rd2 27. g5 a6 28. a4 Kh8 29. Rf1 Rc8 30. Rf2 Qg4 31. Qxc3 Rd1+ 32. Kg2 Qxe4+ 33. Qf3 Qe3 34. Qf8+ 1-0


[Site "https://www.chess.com"]

[Event "Titled Tuesday Blitz January 03 Early 2023"]
[White "Tatarinov, Dmitry"]
[Black "Xu, Yi"]
[WhiteFideId "24160067"]
[BlackFideId "8605564"]
[WhiteElo "2310"]
[BlackElo "2527"]
[Result "0-1"]
[Round "09"]
[TimeControl "180+2"]
[Date "2023.01.03"]
[WhiteClock "0:00:06"]
[BlackClock "0:00:18"]

1. Nf3 g6 2. h4 Nf6 3. d4 d5 4. Bf4 c5 5. e3 Nc6 6. Ne5 Bg7 7. Nc3 a6 8. Be2 cxd4 9. exd4 h5 10. Nxc6 bxc6 11. Be5 Bf5 12. O-O O-O 13. Bd3 e6 14. Bxf5 exf5 15. Qd3 Ne4 16. Bxg7 Kxg7 17. g3 Re8 18. Kg2 f4 19. Rfe1 f5 20. Re2 fxg3 21. Nxe4 fxe4 22. Qxg3 Rf8 23. Re3 Ra7 24. f3 exf3+ 25. Rxf3 Rxf3 26. Kxf3 Qf6+ 27. Qf4 Qxf4+ 28. Kxf4 Re7 29. c3 Re4+ 30. Kg3 Re3+ 31. Kf4 Rh3 32. Ke5 Rxh4 33. Kd6 Rh2 34. Kxc6 g5 35. Kxd5 h4 36. c4 g4 37. c5 g3 38. Rc1 Rf2 39. c6 g2 40. c7 Rf8 41. Ke4 h3 42. d5 h2 43. d6 g1=Q 44. d7 h1=Q+ 45. Ke5 0-1


[Site "https://www.chess.com"]

[Event "Titled Tuesday Blitz January 03 Early 2023"]
[White "Yeletsky, Ivan"]
[Black "Kanakaris, Georgios"]
[WhiteFideId "24180327"]
[BlackFideId "4209460"]
[WhiteElo "2494"]
[BlackElo "2391"]
[Result "0-1"]
[Round "09"]
[TimeControl "180+2"]
[Date "2023.01.03"]
[WhiteClock "0:02:27"]
[BlackClock "0:01:58"]

1. d4 Nf6 2. c4 g6 3. Nc3 Bg7 4. e4 d6 5. Be2 O-O 6. Be3 Nc6 7. Nf3 Bg4 8. d5 Nb4 9. O-O Nd7 10. Qd2 a5 11. h3 Bxf3 12. Bxf3 c6 0-1


[Site "https://www.chess.com"]